 Dungeon Crawl Stone Soup version 0.30-a0-1103-g25895a7845 (webtiles) character file.

Game seed: 7754796907157481089

471 Pimp the Poker (level 7, 0/54 HPs)
             Began as a Merfolk Gladiator on Apr 18, 2023.
             Was a Follower of Okawaru.
             Succumbed to a water moccasin's poison
             ... on level 5 of the Dungeon.
             The game lasted 00:10:10 (3903 turns).

Pimp the Poker (Merfolk Gladiator)                  Turns: 3903, Time: 00:10:10

Health: 0/54       AC:  8    Str: 20    XL:     7   Next: 9%
Magic:  7/7        EV: 11    Int:  6    God:    Okawaru [*.....]
Gold:   1091       SH:  8    Dex: 15    Spells: 6/6 levels left

rFire   . . .      SeeInvis .    a - +1 trident
rCold   + . .      Faith    .    l - +0 kite shield
rNeg    . . .      Spirit   .    i - +0 ring mail
rPois   .          Reflect  .    c - +1 helmet
rElec   .          Rampage  .    (no cloak)
rCorr   .                        (no gloves)
Will    .....                    j - +0 pair of boots
Stlth   +                        (no amulet)
HPRegen 0.29/turn                (no ring)
MPRegen 0.10/turn                (no ring)

@: lethally poisoned (0 -> -14), attractive, flying
A: (nimble swimmer 2), mertail, cold resistance 1, sense surroundings 1, strong
1
a: Renounce Religion, Heroism


You were on level 5 of the Dungeon.
You worshipped Okawaru.
Okawaru was aware of your devotion.
You visited 2 branches of the dungeon, and saw 6 of its levels.

You collected 1091 gold pieces.

Inventory:

Hand Weapons
 a - a +1 trident (weapon)
 f - the +6 whip of Beogh's Delight {flame, Fragile +Blink rPois rC+}
   (You took it off Dowan on level 4 of the Dungeon)

   rC:        It protects you from cold.
   rPois:     It protects you from poison.
   +Blink:    It lets you blink.
   Fragile:   It will be destroyed if unequipped.
Missiles
 d - 5 throwing nets (quivered)
 e - a javelin
Armour
 b - a +0 leather armour
 c - a +1 helmet (worn)
 i - a +0 ring mail (worn)
 j - a +0 pair of boots (worn)
 l - a +0 kite shield (worn)
Jewellery
 h - a ring of willpower
 k - a ring of see invisible
 p - an amulet of the acrobat
 s - a ring of fire
Wands
 r - a wand of polymorph (13)
Scrolls
 g - a scroll of teleportation
 o - a scroll of magic mapping {unknown}
 q - a scroll of identify
Potions
 m - a potion of mutation
 v - a potion of lignification {unknown}


   Skills:
 + Level 4.2 Fighting
 + Level 6.0 Polearms
 + Level 3.9 Throwing
 + Level 5.9 Dodging
 + Level 1.9 Shields


You had 6 spell levels left.
You didn't know any spells.
Your spell library contained the following spells:

 Spells                   Type           Power      Damage    Failure   Level
 Blink                    Tloc           0%         N/A       99%         2
 Lesser Beckoning         Tloc           0%         N/A       99%         2
 Momentum Strike          Conj/Tloc      0%         3d8       99%         2
 Poisonous Vapours        Pois/Air       0%         N/A       99%         2
 Mephitic Cloud           Conj/Pois/Air  0%         N/A       100%        3
 Vhi's Electric Charge    Tloc/Air       0%         N/A       100%        3
 Arcjolt                  Conj/Air       0%         1d10      100%        5
 Freezing Cloud           Conj/Ice/Air   0%         6-21      100%        5
 Plasma Beam              Fire/Air       0%         2x1d11    100%        6


Dungeon Overview and Level Annotations

Branches:
Dungeon (5/15)             Temple (1/1) D:4

Altars:
Cheibriados
Dithmenos
Elyvilon
Fedhas
Hepliaklqana
Makhleb
Nemelex Xobeh
Okawaru
Ru
Trog
Uskayaw
Vehumet
Xom
Yredelemnul
Zin
The Shining One

Shops:
D:1 [


Innate Abilities, Weirdness & Mutations

((You are very nimble when in or above water. (Stealth+, EV+, Speed+++)))
Your lower body shifts to a powerful aquatic tail in water.
Your flesh is cold resistant. (rC+)
You passively map a small area around you.
Your muscles are strong. (Str +4, Int/Dex -1)


Message History

You feel sick. The water moccasin bites you.
You miss the water moccasin.
The water moccasin is lightly wounded.
You feel sick. You block the water moccasin's attack.
The water moccasin bites you but does no damage.
You miss the water moccasin.
The water moccasin is lightly wounded.
You feel sick.
The water moccasin bites you but does no damage.
The water moccasin bites you.
You closely miss the water moccasin.
The water moccasin is lightly wounded.
You feel sick. The water moccasin bites you!
* * * LOW HITPOINT WARNING * * *
You completely miss the water moccasin.
The water moccasin is lightly wounded.
You feel sick.
You are no longer poisoned.
The water moccasin barely misses you. The water moccasin bites you.
* * * LOW HITPOINT WARNING * * *
It was a potion of mutation.
You feel extremely strange.
You feel resistant to cold.
You feel stronger.
You feel a strange attunement to the structure of the dungeons.
The water moccasin bites you but does no damage.
Really quaff the potion of mutation?
Okay, then.
It was a potion of attraction.
You feel attractive to monsters. The water moccasin bites you.
* * * LOW HITPOINT WARNING * * *
The water moccasin bites you but does no damage.
It was a potion of flight.
You feel very buoyant.
You fly up into the air.
The water moccasin bites you.
* * * LOW HITPOINT WARNING * * *
You are lethally poisoned!
The water moccasin poisons you!
The water moccasin attacks as you move away!
The water moccasin barely misses you.
You die...

#.# .# #.###. # *
###.#..,.# ,
#<#.#.##.# #.#.#...
, #####......#,# ~
~ #.......##.#.#, ~
#..........#.#
#......###@.$#
#......# #.### ,
#......# #S#* ,
#......#*#O., ,,
#......#*....
#......#*....# ,
#......##....# ,,
#####......########
**
#.................#
,


You could see a water moccasin and an ogre.

Vanquished Creatures
  Duvessa (D:4)
  Dowan (D:4)
  2 hounds (D:4)
  A sleepcap (D:4)
  An iguana (D:5)
  Terence (D:3)
  3 gnolls (D:5)
  6 adders
  2 worms
  2 dart slugs
  7 orcs
  6 ball pythons
  10 bats
  9 endoplasms
  2 giant cockroaches
  5 goblins
  7 hobgoblins
  11 jackals
  4 quokkas
  5 frilled lizards
  5 kobolds
  7 rats
98 creatures vanquished.

Notes
Turn   | Place    | Note
-------+----------+-------------------------------------------
     0 | D:1      | Pimp the Merfolk Gladiator began the quest for the Orb.
     0 | D:1      | Reached XP level 1. HP: 16/16 MP: 1/1
   191 | D:1      | Reached XP level 2. HP: 20/23 MP: 2/2
   210 | D:1      | Found Rummask's Antique Armour Emporium.
   571 | D:1      | Reached XP level 3. HP: 28/28 MP: 3/3
   572 | D:1      | Identified a scroll of acquirement
   572 | D:1      | Acquired 872 gold pieces
   781 | D:2      | You fall into a shaft and drop 2 floors!
   781 | D:4      | Found a staircase to the Ecumenical Temple.
   790 | Temple   | Entered the Ecumenical Temple
   847 | Temple   | Became a worshipper of Warmaster Okawaru
  1105 | D:3      | Found a white marble altar of Elyvilon.
  1151 | D:3      | Reached XP level 4. HP: 35/35 MP: 4/4
  1484 | D:3      | Noticed Terence
  1504 | D:3      | Killed Terence
  1505 | D:3      | Reached skill level 5 in Polearms
  1717 | D:3      | Reached skill level 5 in Dodging
  1717 | D:3      | Reached XP level 5. HP: 41/41 MP: 5/5
  1946 | D:2      | Found a white marble altar of Elyvilon.
  2279 | D:2      | Found a faded altar of an unknown god.
  2911 | D:4      | Noticed Duvessa
  2911 | D:4      | Noticed Dowan
  2928 | D:4      | Killed Duvessa
  2928 | D:4      | Reached * piety under Okawaru
  2929 | D:4      | Reached skill level 1 in Shields
  2929 | D:4      | Reached XP level 6. HP: 17/48 MP: 6/6
  3261 | D:4      | Identified the +6 whip of Beogh's Delight {flame, Fragile
                  | +Blink rPois rC+}
  3275 | D:4      | Killed Dowan
  3591 | D:5      | Entered Level 5 of the Dungeon
  3604 | D:5      | Reached skill level 6 in Polearms
  3604 | D:5      | Reached XP level 7. HP: 32/54 MP: 7/7
  3900 | D:5      | Gained mutation: Your flesh is cold resistant. (rC+)
                  | [potion of mutation]
  3900 | D:5      | Gained mutation: Your muscles are strong. (Str +4, Int/Dex
                  | -1) [potion of mutation]
  3900 | D:5      | Gained mutation: You passively map a small area around you.
                  | [potion of mutation]
  3903 | D:5      | Succumbed to a water moccasin's poison

Illustrated notes

Levels and vault maps discovered:
D:1:      erik_arrival_blinker_ship, layout_basic, serial_shops,
          nicolae_shop_pleasant_corner_grove
D:2:      layout_basic, basic_altar, shapermc_ecumenical_altar_venn
D:3:      layout_loops_corners, elyvilon_altar_1,
          chequers_serial_rivers_micro_c, reono_crystal_passage, uniq_terence
D:4:      layout_cave_pools, minmay_temple_entry_grid, uniq_duvessa
D:5:      layout_basic, grunt_qazlal_clouds, minmay_misc_feat_alley, hex_medium,
          kennysheep_path_1
Temple:   hellmonk_temple_of_storms

Skill      XL: |  1  2  3  4  5  6 |
---------------+-------------------+-----
Fighting       | 3 4 |  4.2
Polearms       | 5 6 |  6.0
Throwing       | 3 |  3.9
Dodging        | 5 |  5.9
Shields        | 1 |  1.9

Action                     |  1- 3 |  4- 6 |  7- 9 || total
---------------------------+-------+-------+-------++-------
  Melee: Trident           |   138 |   207 |    30 ||   375
         Punch             |     2 |       |       ||     2
  Throw: Throwing net      |     1 |       |       ||     1
    Use: Scroll            |     5 |     4 |       ||     9
         Potion            |       |     9 |     3 ||    12
   Stab: Invisible         |       |     1 |       ||     1
 Armour: Ring mail         |    80 |    70 |     9 ||   159
         Leather armour    |     1 |       |       ||     1
  Dodge: Dodged            |   126 |   141 |    14 ||   281
  Block: Kite shield       |       |    74 |    13 ||    87

Table legend: (Time is in decaauts)
 A = Elapsed time spent in this place.
 B = Non-inter-level travel time spent in this place.
 C = Inter-level travel time spent in this place.
 D = Time resting spent in this place.
 E = Time spent auto-exploring this place.
 F = Levels seen in this place.
 G = Mean time per level.
                   A        B        C        D        E       F      G
               +--------+--------+--------+--------+--------+-----+--------+
         Total |   3958 |   3827 |    131 |    322 |   2534 |   6 |  659.7 |
       Dungeon |   3879 |   3768 |    111 |    322 |   2531 |   5 |  775.8 |
        Temple |     79 |     59 |     20 |      0 |      3 |   1 |   79.0 |
               +--------+--------+--------+--------+--------+-----+--------+

Top non-repeatable levels by time:
     D:3: 1103 daAuts
     D:2: 895 daAuts
     D:4: 838 daAuts
     D:1: 722 daAuts
     D:5: 319 daAuts
  Temple: 79 daAuts
